 Dungeon Crawl Stone Soup version 0.30-a0-1164-ge08a67761e (webtiles) character file.

Game seed: 5298108613684267234

1025 Morbidden the Ruffian (level 8, -2/72 HPs)
             Began as a Troll Fire Elementalist on Apr 29, 2023.
             Killed by divine providence
             ... invoked by an orc priest
              (12 damage)
             ... on level 4 of the Dungeon.
             The game lasted 00:04:09 (4469 turns).

Morbidden the Ruffian (Troll Fire Elementalist)     Turns: 4469, Time: 00:04:09

Health: -2/72      AC:  4    Str: 17    XL:     8   Next: 2%
Magic:  10/10      EV: 10    Int: 13    God:
Gold:   183        SH:  0    Dex: 10    Spells: 8/11 levels left

rFire   . .          .
                       - Unarmed
rCold   + . .        (no shield)
rNeg    . . .        a - +0 robe
rPois   .            (helmet restricted)
rElec   .            (no cloak)
rCorr   .            (gloves unavailable)
SInv    .            (boots unavailable)
Will    .....        o - amulet of regeneration
Stlth   ++           c - ring of protection from cold
HPRegen 1.92/turn    (no ring)
MPRegen 0.12/turn

%: no passive effects
@: no status effects
A: large, unfitting armour, claws 3, regeneration 1, shaggy fur 1, tough skin 1
a: no special abilities


You were on level 4 of the Dungeon.
You visited 1 branch of the dungeon, and saw 5 of its levels.

You collected 213 gold pieces.
You spent 30 gold pieces at shops.

Inventory:

Missiles
 i - 10 poisoned darts
 w - 5 silver boomerangs
 z - 2 boomerangs (quivered)
Armour
 a - a +0 robe (worn)
Jewellery
 c - a ring of protection from cold (left claw)
 o - an amulet of regeneration (around neck)
 t - a ring of wizardry
Wands
 x - a wand of polymorph (14)
Scrolls
 g - 3 scrolls of teleportation {unknown}
 j - a scroll of magic mapping {unknown}
 k - 5 scrolls of identify {unknown}
 n - 3 scrolls of fear {unknown}
 p - a scroll of amnesia {unknown}
 r - a scroll of enchant armour {unknown}
 s - a scroll of poison {unknown}
 u - a scroll of immolation {unknown}
 y - 2 scrolls of summoning {unknown}
Potions
 b - a potion of magic
 d - a potion of heal wounds {unknown}
 e - 3 potions of lignification
 f - 2 potions of berserk rage {unknown}
 h - 2 potions of degeneration {unknown}
 l - a potion of flight {unknown}
 m - a potion of invisibility
 q - a potion of resistance {unknown}
 v - a potion of ambrosia {unknown}


   Skills:
 * Level 2.1 Fighting
 * Level 2.3 Armour
 * Level 2.7 Dodging
 + Level 1.4 Stealth
 * Level 4.0 Unarmed Combat
 * Level 2.3 Spellcasting
 * Level 2.2 Conjurations
 * Level 3.9 Fire Magic


You had 8 spell levels left.
You knew the following spells:

 Your Spells              Type           Power      Damage    Failure   Level
a - Foxfire               Conj/Fire      36%        2x1d5     7%          1
b - Scorch                Fire           22%        2d5       8%          2

Your spell library contained the following spells:

 Spells                   Type           Power      Damage    Failure   Level
 Inner Flame              Hex/Fire       6%         N/A       32%         3
 Volatile Blastmotes      Fire/Tloc      12%        2d11      32%         3
 Lesser Beckoning         Tloc           2%         N/A       36%         2
 Flame Wave               Conj/Fire      9%         2d6       56%         4
 Gell's Gravitas          Tloc           1%         N/A       58%         3
 Teleport Other           Tloc           1%         N/A       58%         3
 Yara's Violent Unravell  Hex/Tmut       0%         3d3       100%        5
 Enfeeble                 Hex            0%         N/A       100%        7


Dungeon Overview and Level Annotations

Branches:
Dungeon (5/15)
 Temple: D:4-7

Altars:
Kikubaaqudgha
Ru
Uskayaw
Vehumet

Shops:
D:1 *


Innate Abilities, Weirdness & Mutations

You are too large for most types of armour.
You have claws for hands.
Your natural rate of healing is unusually fast.
You are covered in fur. (AC +1)
You have tough skin. (AC +1)


Message History

The orc wizard hits you but does no damage.
You hear something mumble some strange prayers to Beogh against you.
Deactivating autopickup; reactivate with Ctrl-A.
Something tries to affect you, but you resist.
The hound bites you. The orc wizard closely misses you. The hound bites you.
Unknown command.
The orc wizard attacks as you move away!
The orc wizard hits you but does no damage.
The hound bites you. The orc attacks as you move away!
The orc closely misses you. The hound bites you.
The orc throws a stone.
The stone closely misses you. The hound barely misses you.
You claw the orc wizard!
The orc wizard is almost dead.
The hound misses you.
The orc wizard hits you but does no damage.
You claw the orc wizard!
You kill the orc wizard!
The hound pauses to sniff the ground.
The hound closely misses you. The orc hits you with a +0 whip.
You hear something call down the wrath of Beogh upon you.
Beogh smites you!
* * * LOW HITPOINT WARNING * * *
Your Unarmed Combat skill increases to level 4!
The hound closely misses you. Something hits you.
* * * LOW HITPOINT WARNING * * *
Things that are here:
a +0 dagger; a +0 robe; an orc corpse Unknown command.
Unknown command.
Unknown command.
The hound bites you.
* * * LOW HITPOINT WARNING * * *
You miss the hound.
The hound is heavily wounded.
The hound bites you.
* * * LOW HITPOINT WARNING * * *
You hear something invoke the aid of Beogh against you.
Beogh smites you!
You die...

#.#####.#.# ####### #.#
###.#.#### ###.....# #.#
#........###.#.....######## #.#
#.#.#.........>...........#
#.###.#.#....#.........######.#
#.<.....#.#####.o......# #.#
#.........# ##)####### #.#
#####.##### #h# #.# .......# #@#
#.# .####..# ##'## #.# .# #..#
##...## ###.# .# ##..# ##.....##
##...# .# #...## ##.......##
##..###
.###....####.........####...####
...........+.........'.........##
.###....####.........##.........#
.......## ##.......###.##..##†.#


You could see a hound and an orc.

Vanquished Creatures
  Pikel (D:5)
  Sigmund (D:2)
  2 lemures (D:5)
  A phantom (D:5)
  A scorpion (D:4)
  A jelly (D:4)
  A howler monkey (D:4)
  An iguana (D:5)
  2 orc wizards
  3 gnolls (D:4)
  6 adders
  A white imp (D:4)
  A worm (D:3)
  A dart slug (D:3)
  6 orcs (D:4)
  2 endoplasms (D:4)
  A giant cockroach (D:4)
  3 goblins
  2 hobgoblins (D:2)
  6 kobolds
  2 quokkas
  6 ball pythons
  3 bats
  2 frilled lizards
  A rat (D:2)
57 creatures vanquished.

Vanquished Creatures (others)
  107 foxfires
107 creatures vanquished.

Grand Total: 164 creatures vanquished

Notes
Turn   | Place    | Note
-------+----------+-------------------------------------------
     0 | D:1      | Morbidden the Troll Fire Elementalist began the quest for
                  | the Orb.
     0 | D:1      | Reached XP level 1. HP: 16/16 MP: 1/1
   558 | D:1      | Found Cylieg Ozac's General Store.
   559 | D:1      | You fall into a shaft and drop 1 floor!
   791 | D:1      | Bought a potion of lignification for 30 gold pieces
   876 | D:1      | Reached XP level 2. HP: 22/24 MP: 2/2
  1108 | D:2      | Noticed Sigmund
  1132 | D:2      | Killed Sigmund
  1133 | D:2      | Reached skill level 1 in Armour
  1133 | D:2      | Reached skill level 1 in Unarmed Combat
  1133 | D:2      | Reached skill level 1 in Conjurations
  1133 | D:2      | Reached XP level 3. HP: 14/32 MP: 0/4
  1133 | D:2      | Reached XP level 4. HP: 18/40 MP: 0/5
  1133 | D:2      | Reached XP level 5. HP: 21/46 MP: 0/6
  1354 | D:2      | Learned a level 2 spell: Scorch
  2872 | D:4      | Found a radiant altar of Vehumet.
  2872 | D:4      | Found a sacrificial altar of Ru.
  2889 | D:4      | Found a faded altar of an unknown god.
  2911 | D:4      | Found a faded altar of an unknown god.
  2923 | D:4      | Found a hide-covered altar of Uskayaw.
  3015 | D:4      | Reached skill level 1 in Fighting
  3192 | D:4      | Reached XP level 6. HP: 44/55 MP: 7/7
  3467 | D:4      | Reached skill level 2 in Unarmed Combat
  4033 | D:5      | Entered Level 5 of the Dungeon
  4242 | D:5      | Found an ancient bone altar of Kikubaaqudgha.
  4244 | D:5      | Noticed Pikel
  4305 | D:5      | Killed Pikel
  4306 | D:5      | Reached skill level 3 in Unarmed Combat
  4306 | D:5      | Reached XP level 7. HP: 22/65 MP: 7/9
  4456 | D:5      | Reached XP level 8. HP: 44/72 MP: 10/10
  4466 | D:4      | Reached skill level 4 in Unarmed Combat
  4469 | D:4      | Killed from afar by an orc priest

Illustrated notes

Levels and vault maps discovered:
D:1:      tarquinn_simple_flora_water_d, layout_basic, serial_shops, shop
D:2:      layout_loops_corners, nrook_uturn, uniq_sigmund
D:3:      layout_basic
D:4:      layout_loops_corners, chequers_temple_overflow_minitemple
D:5:      layout_basic, mainiacjoe_overflow_surrounded_room,
          minmay_crystal_room, uniq_blork_the_orc, uniq_pikel

Skill      XL: |  1  2  3  4  5  6  7  8 |
---------------+-------------------------+-----
Armour         | 1 2 |  2.3
Dodging        | 2 |  2.7
Unarmed Combat | 1 3 4 |  4.0
Conjurations   | 1 2 |  2.2
Fire Magic     | 3 |  3.9
Fighting       | 1 2 |  2.1
Spellcasting   | 2 |  2.3
Stealth        | |  1.4

Action                     |  1- 3 |  4- 6 |  7- 9 || total
---------------------------+-------+-------+-------++-------
  Melee: Unarmed           |    40 |   128 |    23 ||   191
         Punch             |     1 |     2 |       ||     3
   Cast: Foxfire           |     7 |    59 |       ||    66
         Scorch            |       |     2 |       ||     2
    Use: Potion            |       |     1 |       ||     1
   Stab: Sleeping          |       |     3 |       ||     3
 Armour: Robe              |     7 |    27 |    18 ||    52
         Skin              |       |    12 |       ||    12
  Dodge: Dodged            |    11 |    66 |    26 ||   103

Table legend: (Time is in decaauts)
 A = Elapsed time spent in this place.
 B = Non-inter-level travel time spent in this place.
 C = Inter-level travel time spent in this place.
 D = Time resting spent in this place.
 E = Time spent auto-exploring this place.
 F = Levels seen in this place.
 G = Mean time per level.
                   A        B        C        D        E       F      G
               +--------+--------+--------+--------+--------+-----+--------+
         Total |   4462 |   4277 |    185 |    117 |   3592 |   5 |  892.4 |
       Dungeon |   4462 |   4277 |    185 |    117 |   3592 |   5 |  892.4 |
               +--------+--------+--------+--------+--------+-----+--------+

Top non-repeatable levels by time:
     D:4: 1229 daAuts
     D:3: 991 daAuts
     D:2: 949 daAuts
     D:1: 870 daAuts
     D:5: 421 daAuts
